 Dungeon Crawl Stone Soup version 0.30.1-11-g7821555f0a (webtiles) character file.

Game seed: 16135953554498916550

37816 Jerry the Basher (level 13, 0/133 HPs)
             Began as a Troll Gladiator on Dec 9, 2023.
             Was the Champion of the Shining One.
             Killed from afar by a manticore (5 damage)
             ... with a volley of spikes
             ... on level 5 of the Lair of Beasts.
             The game lasted 01:03:23 (13663 turns).

Jerry the Basher (Troll Gladiator)                 Turns: 13663, Time: 01:03:23

Health: 0/133      AC: 16    Str: 27    XL:     13   Next: 60%
Magic:  20/20      EV:  9    Int:  6    God:    the Shining One [******]
Gold:   921        SH:  5    Dex: 11    Spells: 12/12 levels left

rFire   + + .        E - +7 flail
rCold   x . .        (no shield)
rNeg    + + +        g - +2 fire dragon scales
rPois   +            c - +0 hat
rElec   .            r - +0 cloak
rCorr   .            (gloves unavailable)
SInv    +            (boots unavailable)
Will    .....        p - amulet of reflection Stlth
                     a - ring of see invisible
HPRegen 1.22/turn    s - ring of poison resistance
MPRegen 0.17/turn

%: reflection
@: about to teleport, spiked, glowing
A: large, unfitting armour, claws 3, regeneration 1, shaggy fur 1, tough skin 1,
inability to drink after injury 1
a: Renounce Religion, Divine Shield, Cleansing Flame, Summon Divine Warrior,
Brand Weapon With Holy Wrath


You were on level 5 of the Lair of Beasts.
You worshipped the Shining One.
The Shining One was exalted by your worship.
You visited 3 branches of the dungeon, and saw 15 of its levels.
You also visited: Ossuary.

You collected 921 gold pieces.

Inventory:

Hand Weapons
 E - a +7 flail (weapon)
Missiles
 d - 2 throwing nets (quivered)
 e - a large rock
Armour
 c - a +0 hat (worn)
 g - +2 fire dragon scales (worn)
 r - a +0 cloak (worn)
Jewellery
 a - a ring of see invisible (left claw)
 j - a ring of willpower
 p - an amulet of reflection (around neck)
 s - a ring of poison resistance (right claw)
Wands
 h - a wand of flame (4)
 m - a wand of polymorph (7)
 v - a wand of acid (4)
 D - a wand of charming (7)
Scrolls
 b - 5 scrolls of fear
 i - 2 scrolls of butterflies
 k - a scroll of amnesia
 t - 8 scrolls of identify
 w - 2 scrolls of silence
 y - a scroll of enchant armour
 A - 3 scrolls of teleportation
 C - a scroll of magic mapping
Potions
 f - 7 potions of heal wounds
 l - 5 potions of flight
 n - 2 potions of haste
 o - 7 potions of curing
 q - 3 potions of lignification
 u - 3 potions of might
 x - 3 potions of brilliance
 z - a potion of attraction
 B - a potion of cancellation
 H - a potion of ambrosia


   Skills:
 + Level 10.3 Fighting
 + Level 11.4 Maces & Flails
 - Level 3.1 Throwing
 + Level 9.5 Armour
 - Level 4.0 Dodging
 + Level 10.7 Invocations


You had 12 spell levels left.
You didn't know any spells.
Your spell library contained the following spells:

 Spells                   Type           Power      Damage    Failure   Level
 Apportation              Tloc           0%         N/A       75%         1
 Necrotise                Necr           0%         1d4       75%         1
 Slow                     Hex            0%         N/A       75%         1
 Summon Small Mammal      Summ           0%         N/A       75%         1
 Blink                    Tloc           0%         N/A       86%         2
 Cigotuvi's Dreadful Rot  Necr/Pois/Air  0%         N/A       86%         2
 Lesser Beckoning         Tloc           0%         N/A       86%         2
 Momentum Strike          Conj/Tloc      0%         3d8       86%         2
 Call Canine Familiar     Summ           0%         N/A       98%         3
 Confusing Touch          Hex            0%         N/A       98%         3
 Gell's Gravitas          Tloc           0%         N/A       98%         3
 Ignite Poison            Fire/Tmut/Pois 0%         N/A       98%         3
 Portal Projectile        Hex/Tloc       0%         N/A       98%         3
 Summon Guardian Golem    Hex/Summ       0%         N/A       98%         3
 Teleport Other           Tloc           0%         N/A       98%         3
 Tukima's Dance           Hex            0%         N/A       98%         3
 Vampiric Draining        Necr           0%         2d6       98%         3
 Summon Ice Beast         Ice/Summ       0%         N/A       100%        4
 Alistair's Intoxication  Tmut/Pois      0%         N/A       100%        5
 Blade Hands              Tmut           0%         N/A       100%        5
 Borgnjor's Vile Clutch   Necr/Erth      0%         N/A       100%        5
 Freezing Cloud           Conj/Ice/Air   0%         6-21      100%        5
 Summon Mana Viper        Hex/Summ       0%         N/A       100%        5
 Eringya's Noxious Bog    Tmut/Pois      0%         N/A       100%        6
 Monstrous Menagerie      Summ           0%         N/A       100%        7


Dungeon Overview and Level Annotations

Branches:
Dungeon (10/15)            Temple (1/1) D:7            Lair (5/5) D:10
 Shoals (0/4) Lair:2       Spider (0/4) Lair:3        Slime (0/5) Lair:5
    Orc (0/2) D:10        Ossuary (visited)

Altars:
Ashenzari
Cheibriados
Dithmenos
Elyvilon
Fedhas
Gozag
Hepliaklqana
Kikubaaqudgha
Makhleb
Nemelex Xobeh
Okawaru
Qazlal
Ru
Sif Muna
Trog
Uskayaw
Vehumet
Wu Jian
Xom
Yredelemnul
Zin
The Shining One
Jiyva

Shops:
D:1 =   D:2 :   D:4 [   D:7 :


Innate Abilities, Weirdness & Mutations

You are too large for most types of armour.
You have claws for hands.
Your natural rate of healing is unusually fast.
You are covered in fur. (AC +1)
You have tough skin. (AC +1)
You occasionally lose the ability to drink potions when taking damage.


Message History

The elephant barely misses you. x2
Your angel hits the komodo dragon with a +1 whip of holy wrath!
Your angel hits the komodo dragon with a +1 whip of holy wrath.
The elephant attacks as you move away! The elephant tramples you.
* * * LOW HITPOINT WARNING * * *
You block the elephant's attack.
A manticore comes into view.
The blink frog blinks! x2; The elephant barely misses your angel.
The elephant closely misses your angel.
The cane toad stings you but does no damage.
Your angel hits the elephant with a +1 whip of holy wrath!
Your angel hits the elephant with a +1 whip of holy wrath.
Being near the torpor snail leaves you feeling lethargic.
Your surroundings suddenly seem different.
The manticore flicks its tail.
The volley of spikes hits you but does no damage.
You feel yourself speed up.
The blink frog blinks!
The manticore flicks its tail.
The volley of spikes hits you!
The barbed spikes become lodged in your body.
* * * LOW HITPOINT WARNING * * *
The barbs in your skin will harm you if you move.
Continue?
Okay, then.
You cannot drink potions in your current state!
Unknown command.
As you read the scroll of teleportation, it crumbles to dust.
You feel strangely unstable.
The manticore flicks its tail.
The volley of spikes hits you but does no damage.
You can drink potions again.
The manticore flicks its tail.
The volley of spikes hits you!
The barbed spikes become lodged in your body.
* * * LOW HITPOINT WARNING * * *
The blink frog hits you but does no damage.
The manticore flicks its tail.
The volley of spikes hits you.
The barbed spikes become lodged in your body.
You die...

~~# ~~~~~ P#~~............ ~~#
~~~~ ~P~~ #~~#~.............
~~##~P~#~P#~~~##~~P~~............
~P~~P~~~~P~~.~~~~~~~~.......PP#.#
.Y##~~##~~#~~~##~~##..........#.#
lF##.~~~~~~#~~~#P~##.......##.#..
~l....~~..~H~.~~.~~..............
†..............F...........#.....
................@...........#P...
........†........................
.............................#.#.
...........................P#...#
..................†..............
#..P###.#....#.#...#.#..P#..P..P#
##### ######################...##
#..## ####


You could see a manticore and a blink frog.

Vanquished Creatures
  Harold (D:9)
  A hydra (Lair:1)
  A catoblepas (Lair:1)
  2 two-headed ogres
  Nergalle (D:10)
  A skyshark (Lair:2)
  Pikel (D:8)
  12 elephants
  A manticore (Lair:5)
  Maurice (D:10)
  2 black mambas
  A gargoyle (D:10)
  9 cane toads
  A rime drake (Lair:5)
  2 komodo dragons (Lair:1)
  A merfolk (Lair:2)
  A polar bear (Lair:5)
  4 blink frogs
  58 yaks
  2 wyverns (D:10)
  A redback (Lair:3)
  Menkaure (Ossuary)
  3 vampire mosquitoes (D:10)
  An acid dragon (D:10)
  7 water moccasins
  5 orc warriors
  3 sky beasts
  3 black bears
  An ogre (D:6)
  2 centaurs
  4 wolves (Lair:2)
  A lemure (D:9)
  3 phantoms
  4 kobold brigands
  15 bullfrogs
  3 gnoll sergeants
  2 scorpions
  18 wights
  16 killer bees
  3 howler monkeys
  4 electric eels
  3 lava snakes (D:7)
  3 jellies
  5 hounds
  11 orc priests
  A gnoll bouda (D:7)
  Jessica (D:2)
  8 iguanas
  A sleepcap (D:7)
  14 orc wizards
  Natasha (D:2)
  3 mummies (Ossuary)
  22 gnolls
  13 adders
  2 shadow imps
  8 white imps
  2 ufetubi
  A worm (D:2)
  3 dart slugs
  43 orcs
  10 endoplasms
  4 giant cockroaches
  5 gnoll zombies (Ossuary)
  10 hobgoblins
  5 jackals
  4 quokkas
  A ball python (D:4)
  6 bats
  3 frilled lizards
  2 gnoll skeletons (Ossuary)
  8 goblins
  3 goblin skeletons (Ossuary)
  2 goblin zombies (Ossuary)
  2 hobgoblin skeletons (Ossuary)
  5 hobgoblin zombies (Ossuary)
  23 kobolds
  6 kobold skeletons (Ossuary)
  6 kobold zombies (Ossuary)
  7 orc skeletons (Ossuary)
  5 orc zombies (Ossuary)
  4 rats
  5 rat skeletons (Ossuary)
  2 rat zombies (Ossuary)
476 creatures vanquished.

Vanquished Creatures (collateral kills)
  A hydra (Lair:5)
  2 sea snakes (Lair:5)
  2 oklob plants (Lair:5)
  2 elephants (Lair:5)
  2 cane toads (Lair:5)
  A komodo dragon (Lair:5)
  A polar bear (Lair:5)
  A snapping turtle (Lair:5)
  A blink frog (Lair:5)
  8 yaks (Lair:5)
  A wyvern (Lair:5)
  A water moccasin (Lair:5)
23 creatures vanquished.

Vanquished Creatures (others)
  A quokka (D:9)
1 creature vanquished.

Grand Total: 500 creatures vanquished

Notes
Turn   | Place    | Note
-------+----------+-------------------------------------------
     0 | D:1      | Jerry the Troll Gladiator began the quest for the Orb.
     0 | D:1      | Reached XP level 1. HP: 19/19 MP: 0/0
    78 | D:1      | Reached XP level 2. HP: 28/28 MP: 1/1
   402 | D:1      | Found Miusal's Jewellery Boutique.
   610 | D:2      | Reached skill level 3 in Maces & Flails
   610 | D:2      | Reached XP level 3. HP: 35/35 MP: 2/2
   711 | D:2      | Noticed Jessica
   718 | D:2      | Killed Jessica
   719 | D:2      | Reached XP level 4. HP: 35/42 MP: 3/3
   768 | D:2      | Found Zefi's Book Emporium.
   974 | D:2      | Found a faded altar of an unknown god.
  1250 | D:3      | Noticed Natasha
  1267 | D:2      | Killed Natasha
  1268 | D:2      | Reached XP level 5. HP: 41/50 MP: 4/4
  1531 | D:3      | Found a glowing golden altar of the Shining One.
  1598 | D:3      | Became a worshipper of the Shining One
  2427 | D:4      | Found a burning altar of Makhleb.
  2451 | D:4      | Reached XP level 6. HP: 59/59 MP: 5/5
  2546 | D:4      | Reached skill level 1 in Invocations
  2864 | D:4      | Found Dyewokhlu's Armour Shoppe.
  2983 | D:4      | Reached skill level 4 in Maces & Flails
  3585 | D:4      | Noticed a balrug
  3589 | D:4      | Noticed an orange demon
  3589 | D:4      | Noticed a hellwing
  3686 | D:5      | Entered Level 5 of the Dungeon
  3824 | D:5      | Noticed a water moccasin
  3834 | D:5      | Killed a water moccasin
  3835 | D:5      | Reached XP level 7. HP: 59/67 MP: 7/7
  3927 | D:5      | Found an opulent altar of Gozag.
  3975 | D:5      | Reached * piety under the Shining One
  4081 | D:5      | Gained mutation: You occasionally lose the ability to drink
                  | potions when taking damage. [potion of mutation]
  4353 | D:5      | Reached skill level 1 in Armour
  4445 | D:6      | Reached XP level 8. HP: 69/78 MP: 9/9
  4448 | D:6      | Reached skill level 5 in Maces & Flails
  4630 | D:6      | Reached ** piety under the Shining One
  4801 | D:6      | Found a hide-covered altar of Uskayaw.
  5081 | D:7      | Reached skill level 5 in Fighting
  5099 | D:7      | Noticed a two-headed ogre
  5110 | D:7      | Killed a two-headed ogre
  5111 | D:7      | Reached skill level 6 in Maces & Flails
  5111 | D:7      | Reached XP level 9. HP: 88/88 MP: 11/11
  5135 | D:7      | Found a sand-covered staircase.
  5147 | D:7      | Reached skill level 5 in Invocations
  5184 | Ossuary  | Entered an ossuary
  5222 | Ossuary  | Reached *** piety under the Shining One
  5310 | Ossuary  | Reached **** piety under the Shining One
  5430 | Ossuary  | Reached ***** piety under the Shining One
  5476 | Ossuary  | Noticed Menkaure
  5499 | Ossuary  | Killed Menkaure
  5647 | D:7      | Identified the +0 ring mail of Compassion {Dex+3}
  6099 | D:7      | Reached skill level 7 in Maces & Flails
  6130 | D:7      | Found a bloodstained altar of Trog.
  6371 | D:6      | Found a shimmering altar of Xom.
  6631 | D:6      | Reached XP level 10. HP: 86/98 MP: 13/13
  6716 | D:7      | Found a staircase to the Ecumenical Temple.
  6774 | Temple   | Entered the Ecumenical Temple
  7056 | D:7      | Reached skill level 5 in Armour
  7249 | D:7      | Found Roatama's Tremendous Tomes.
  7382 | D:7      | Reached ****** piety under the Shining One
  7999 | D:8      | Found a radiant altar of Vehumet.
  8744 | D:9      | Found a sparkling altar of Nemelex Xobeh.
  8745 | D:9      | Found a blossoming altar of Fedhas.
  8860 | D:9      | Reached skill level 8 in Maces & Flails
  8922 | D:9      | Reached XP level 11. HP: 76/109 MP: 15/15
  9008 | D:9      | Noticed a two-headed ogre
  9014 | D:9      | Killed a two-headed ogre
  9037 | D:9      | Noticed Harold
  9041 | D:9      | Noticed Pikel
  9106 | D:9      | Killed Harold
  9209 | D:8      | Killed Pikel
  9348 | D:9      | Found a shadowy altar of Dithmenos.
  9651 | D:9      | Found a white marble altar of Elyvilon.
  9757 | D:10     | Entered Level 10 of the Dungeon
  9780 | D:10     | Found a shimmering blue altar of Sif Muna.
  9891 | D:10     | Reached skill level 9 in Maces & Flails
 10050 | D:10     | Found a staircase to the Orcish Mines.
 10059 | D:10     | Noticed Maurice
 10068 | D:10     | Killed Maurice
 10103 | D:10     | Noticed Nergalle
 10119 | D:10     | Killed Nergalle
 10185 | D:10     | Found a staircase to the Lair.
 10580 | Lair:1   | Entered Level 1 of the Lair of Beasts
 10602 | D:10     | Reached XP level 12. HP: 79/122 MP: 17/17
 10888 | Lair:1   | Noticed a catoblepas
 10915 | Lair:1   | Killed a catoblepas
 11000 | Lair:1   | Reached skill level 10 in Maces & Flails
 11930 | Lair:2   | Noticed a seven-headed hydra
 11946 | Lair:1   | Killed a seven-headed hydra
 12279 | Lair:2   | Identified the +4 spear "Tuisienn" {freeze, Fragile rPois
                  | Int-4 Stlth+}
 12408 | Lair:2   | Reached skill level 10 in Invocations
 12549 | Lair:2   | Reached XP level 13. HP: 110/131 MP: 19/19
 12557 | Lair:2   | Found a staircase to the Shoals.
 13397 | Lair:3   | Found a hole to the Spider Nest.
 13442 | Lair:3   | You fall into a shaft and drop 2 floors!
 13442 | Lair:5   | Entered Level 5 of the Lair of Beasts
 13442 | Lair:5   | Found a staircase to the Slime Pits.
 13442 | Lair:5   | Found a viscous altar of Jiyva.
 13453 | Lair:5   | Reached skill level 11 in Maces & Flails
 13521 | Lair:5   | Reached skill level 10 in Fighting
 13662 | Lair:5   | HP: 4/133 [manticore/volley of spikes (10)]
 13663 | Lair:5   | Killed from afar by a manticore

Illustrated notes

Levels and vault maps discovered:
D:1:      dpeg_arrival_morbid_curiosity, layout_rooms, serial_shops,
          nicolae_shop_real_fake_doors, minmay_tetromino_o4
D:2:      layout_loops_ring, shapermc_ecumenical_altar_gd, serial_shops, shop,
          minmay_tree_intersection, uniq_jessica
D:3:      layout_loops_corners, tso_altar, chequers_garden,
          hangedman_decor_push, uniq_natasha
D:4:      layout_layer_cave, makhleb_altar_promises_db, serial_shops, shop
D:5:      layout_rooms, mainiacjoe_overflow_chevrons, minmay_misc_feat_roman
D:6:      minmay_diamond_boxcup, layout_cave_pods,
          mainiacjoe_overflow_tiny_flanked, eat_drink_and_be_merry_uskayaw
D:7:      layout_rooms, lemuel_round_altar, temple_fountains,
          lightli_ossuary_entry_decrepit_ruins, nicolae_shop_i_like_big_books,
          kennysheep_big_empty_room, roderic_roman_lattice
D:8:      layout_cave_pods, kennysheep_mini_moat, serial_demonic,
          serial_demonic_a, serial_demonic_e, serial_demonic_b,
          serial_demonic_a, kennysheep_generic_room_13
D:9:      layout_basic, general_overflow_altar, elyvilon_altar_4,
          nicolae_overflow_squiral, nicolae_eternal_life, minmay_holes,
          uniq_pikel, uniq_harold
D:10:     cheibrodos_elevator_heist, layout_irregular_city,
          nicolae_sif_muna_little_library, grunt_lair_entry_orc_guard_hut,
          orc_0_dummy, uniq_nergalle, uniq_maurice
Temple:   nicolae_temple_bog_church
Lair:1:   layout_gridlike
Lair:2:   layout_chaotic_city, elwin_shoals_entry_rooms,
          nicolae_quartered_pool_little, beast_lair_carwin_11,
          lemuel_fruit_fields
Lair:3:   layout_roguey, spider_nest_entry_webs
Lair:5:   gammafunk_lair_ancient_temple, layout_regular_city,
          minmay_slime_entry_oklob_open, pond

Skill      XL: |  1  2  3  4  5  6  7  8  9 10 11 12 13 |
---------------+----------------------------------------+-----
Throwing       | 2 3 |  3.1
Fighting       | 2 3 4 5 6 7 8 9 10 | 10.3
Maces & Flails | 3 4 6 7 8 9 10 11 | 11.4
Dodging        | 3 4 |  4.0
Invocations    | 2 3 4 6 7 8 10 | 10.7
Armour         | 1 3 4 6 7 8 9 |  9.5

Action                     |  1- 3 |  4- 6 |  7- 9 | 10-12 | 13-15 || total
---------------------------+-------+-------+-------+-------+-------++-------
  Melee: Flail             |    62 |   261 |   478 |   809 |   158 ||  1768
         Punch             |       |     6 |     6 |    21 |     4 ||    37
         Unarmed           |       |       |     2 |       |       ||     2
  Throw: Throwing net      |       |       |     1 |     7 |       ||     8
         Large rock        |       |       |       |     2 |       ||     2
 Invoke: Summon Divine War |       |       |       |       |     1 ||     1
    Use: Scroll            |       |    16 |     6 |     7 |     2 ||    31
         Potion            |       |       |     1 |       |       ||     1
   Stab: Sleeping          |     1 |     1 |       |       |       ||     2
 Armour: Robe              |    32 |    82 |     2 |       |       ||   116
         Fire dragon scale |       |       |   212 |   394 |   102 ||   708
  Dodge: Dodged            |    44 |   138 |   217 |   320 |    75 ||   794
  Block: Other             |       |    39 |    96 |   158 |    39 ||   332
         Reflection        |       |     1 |     1 |     6 |     1 ||     9
